[Event "*** SCC Grand Prix: Titled Tuesday Blitz"]
[Site "Chess.com"]
[Date "2020.07.14"]
[Round "4"]
[White "MustafayevFarid2004"]
[Black "JiiHart"]
[Result "1-0"]
[WhiteElo "2351"]
[BlackElo "2099"]
[TimeControl "180+1"]
[EndTime "10:40:35 PDT"]
[Termination "MustafayevFarid2004 won on time"]

1. d4 e6 2. c4 Nf6 3. Nc3 c5 4. e3 d5 5. cxd5 Nxd5 6. Bd3 Nc6 7. Nge2 Be7 8. O-O O-O 9. Nxd5 Qxd5 10. e4 Qd8 11. d5 Ne5 12. Bc2 exd5 13. exd5 b6 14. Bf4 Bd6 15. Nc3 f5 16. Nb5 Nc4 17. Nxd6 Nxd6 18.
Re1 Qf6 19. Qf3 Bd7 20. Be5 Qh6 21. Qf4 Nf7 22. Qxh6 Nxh6 23. Bf4 Nf7 24. h4 Rfe8 25. a4 g6 26. Bb3 Kg7 27. Kf1 h6 28. Rxe8 Rxe8 29.
Re1 g5 30. Rxe8 Bxe8 31. hxg5 hxg5 32. Bb8 a6 33. Ba7 b5 34. Bxc5 bxa4 35. Bc4 Bb5 36.
Bxb5 axb5 37. d6 Nd8 38. Be3 Kf6 39. Ke2 b4 40. Bb6 Nc6 41. Kd3 Ke5 42. Bc7 Ke6 43.
Kc4 a3 44. bxa3 bxa3 45. Kb3 Nd4+ 46. Kxa3 Nb5+ 47. Kb4 Nxd6 48. Bxd6 Kxd6 49. Kc4 Ke5 50. Kc5 Ke4 51. Kd6 f4 52. Ke6 g4 53. Kf6 g3 54. fxg3 fxg3 55. Kg5 Ke3 56. Kh4 Kf2 57. Kh3 Ke3 58. Kxg3 Ke4 59. Kg4 Ke5 60. Kg5 Ke6 61.
g4 Kf7 62. Kh6 1-0

[Event "*** SCC Grand Prix: Titled Tuesday Blitz"]
[Site "Chess.com"]
[Date "2020.07.14"]
[Round "4"]
[White "Muguet7"]
[Black "poppy73"]
[Result "1-0"]
[WhiteElo "2417"]
[BlackElo "2231"]
[TimeControl "180+1"]
[EndTime "10:40:36 PDT"]
[Termination "Muguet7 won by checkmate"]

1. Nf3 Nf6 2. b3 e6 3. Bb2 b6 4. e3 Bb7 5. d4 Be7 6. Bd3 c5 7. O-O O-O 8. Nbd2 d5 9. c4 Nbd7 10. Qe2 Rc8 11. Rfd1 Ne4 12. dxc5 Nexc5 13. Bc2 Bf6 14.
Bxf6 Qxf6 15. cxd5 Bxd5 16. e4 Bb7 17. Nc4 Ba6 18.
e5 Qe7 19. Qe3 Bxc4 20. bxc4 Rfd8 21. Ng5 Nf8 22. Nf3 Rxd1+ 23. Rxd1 Rd8 24. Rxd8 Qxd8 25. h4 g6 26. h5 Qc7 27. Ng5 Ncd7 28. f4 Qxc4 29.
Qd2 Qc5+ 30. Kh2 Qd5 31. Qf2 Qc5 32. Qe2 Qd4 33. g3 Kg7 34. Ne4 h6 35. hxg6 Nxg6 36. Nd6 Nc5 37. Bxg6 fxg6 38. Qf3 Qd5 39. Qxd5 exd5 40.
Nb5 a5 41. Kg2 Kf7 42. Kf3 Ne4 43. g4 Nc3 44. Nxc3 d4 45. Nb5 d3 46. Ke3 h5 47.
gxh5 gxh5 48. Kxd3 h4 49. Ke3 Ke6 50. Kf3 Kf5 51.
Nd4+ Kg6 52. f5+ Kf7 53. Kg4 h3 54. Kxh3 a4 55. Kg4 a3 56. Kg5 Ke7 57. f6+ Kf8 58. e6 Ke8 59. Nc6 Kf8 60. Kg6 Ke8 61. f7+ Kf8 62.
e7# 1-0

[Event "*** SCC Grand Prix: Titled Tuesday Blitz"]
[Site "Chess.com"]
[Date "2020.07.14"]
[Round "4"]
[White "dalmatinac101"]
[Black "Azatic"]
[Result "0-1"]
[WhiteElo "2782"]
[BlackElo "2631"]
[TimeControl "180+1"]
[EndTime "10:40:38 PDT"]
[Termination "Azatic won on time"]

1. d4 Nf6 2. Nc3 d5 3. Bf4 g6 4.
Qd2 Bg7 5. e3 O-O 6. h4 h5 7.
Nf3 c5 8. Ne5 Nc6 9. O-O-O Qa5 10. Kb1 Bf5 11. Nxc6 bxc6 12. Nxd5 Bxc2+ 13. Ka1 Qxd2 14. Nxf6+ Bxf6 15. Rxd2 Bf5 16. Bd3 Bxd3 17. Rxd3 cxd4 18. exd4 Rfd8 19. Be3 c5 20. d5 c4 21. Rdd1 c3 22.
bxc3 Bxc3+ 23. Kb1 Rdc8 24. Kc2 Bf6+ 25. Kd3 Rc3+ 26.
Ke2 Ra3 27. Rd2 Rd8 28. g3 Kg7 29. Rc1 Rd7 30. Rc6 Be5 31. Bc5 Ra5 32. Ke3 Bf6 33.
Ke4 Rb7 34. Be3 Ra4+ 35. Kf3 Rd7 36. Rc5 Ra6 37. Rdc2 Be5 38. Rd2 Rf6+ 39. Ke2 Rfd6 40. Ra5 a6 41. Ra4 Bf6 42. Bf4 Rxd5 43. Rxd5 Rxd5 44.
Rxa6 Rb5 45. a4 Rb2+ 46. Kf3 Ra2 47. Be3 Be5 48. Ra8 Bc3 49. Ra7 e5 50. Bb6 Bd4 51.
Bxd4 exd4 52. a5 d3 53. Ke3 d2 54. Ke2 Kf6 55. a6 Ke6 56. Ra8 Kf5 57. a7 f6 58. f3 g5 0-1

[Event "*** SCC Grand Prix: Titled Tuesday Blitz"]
[Site "Chess.com"]
[Date "2020.07.14"]
[Round "4"]
[White "diamonds13"]
[Black "MasterKroket"]
[Result "1-0"]
[WhiteElo "2246"]
[BlackElo "2396"]
[TimeControl "180+1"]
[EndTime "10:40:40 PDT"]
[Termination "diamonds13 won by resignation"]

1. d4 Nf6 2. c4 e6 3. Nc3 Bb4 4. e3 O-O 5. Bd2 b6 6. Nf3 Bb7 7. Rc1 c5 8. Bd3 cxd4 9. exd4 d5 10. O-O dxc4 11. Bxc4 Nc6 12. Bg5 Be7 13. Re1 h6 14.
Bh4 Nb4 15. a3 Nbd5 16. Bg3 Nxc3 17. Rxc3 Rc8 18. Bd3 Rxc3 19. bxc3 Bxa3 20. Ne5 Be7 21. Qa4 Qd5 22. f3 a5 23. Bf2 Rd8 24. Rb1 Nd7 25. Be4 Qd6 26. Bxb7 Nxe5 27. dxe5 Qxe5 28. Bd4 Bc5 29.
Rd1 Qe2 30. Bc6 e5 31. Bb5 Bxd4+ 32. cxd4 Qe3+ 33. Kh1 exd4 34. Qc4 d3 35. Qc7 Rd5 36. Qc8+ Kh7 37. Bxd3+ g6 38. Qc2 Kg7 39. h4 Rd4 40.
Be4 Rxd1+ 41. Qxd1 Qf2 42. Qa1+ Kg8 43. h5 Qh4+ 44.
Kg1 Qxh5 45. Qd4 Qb5 46. Qd8+ Kg7 47. Qd4+ Kg8 48. Kh2 Qb3 49. Bd5 Qb1 50. Qf6 Qf5 51.
Qxf5 gxf5 52. Kg3 Kg7 53. Kf4 Kf6 54. Bc6 h5 55. Bd7 h4 56. Bxf5 a4 57. Bc2 a3 58.
Bb3 Ke7 59. Kg4 Kd6 60. Kxh4 f6 61. f4 Kc5 62. g4 Kb4 63. Ba2 Kc3 64. g5 fxg5+ 65.
fxg5 b5 66. g6 b4 67. g7 b3 68. Bxb3 Kxb3 69. g8=Q+ Kb2 70. Qb8+ Kc2 71. Qc7+ Kb1 72.
Qb6+ Kc2 73. Qc5+ Kb2 74. Qb4+ Ka2 1-0

[Event "*** SCC Grand Prix: Titled Tuesday Blitz"]
[Site "Chess.com"]
[Date "2020.07.14"]
[Round "4"]
[White "otrov-11"]
[Black "yuliagok"]
[Result "1-0"]
[WhiteElo "2371"]
[BlackElo "2109"]
[TimeControl "180+1"]
[EndTime "10:40:40 PDT"]
[Termination "otrov-11 won on time"]

1. d4 Nf6 2. c4 e6 3. Nf3 b6 4. g3 Bb7 5. Bg2 Bb4+ 6. Bd2 Be7 7. O-O O-O 8. Bf4 Na6 9. Nc3 c5 10. d5 exd5 11. cxd5 d6 12. e4 Nh5 13. Be3 Nc7 14.
a4 Nf6 15. h3 a6 16. Qe2 Re8 17. Nd2 Qd7 18. f4 b5 19. axb5 axb5 20. Rfe1 b4 21. Rxa8 Rxa8 22. Ncb1 Ba6 23. Qf2 c4 24. g4 Qa4 25. g5 Nd7 26. Rc1 Qa2 27. Bf1 Qxb2 28. Nxc4 Qxf2+ 29. Bxf2 Bxc4 30. Bxc4 Na6 31. Nd2 Ndc5 32.
Rb1 Rb8 33. e5 f6 34. gxf6 gxf6 35. e6 f5 36. Bd4 h5 37. Kf2 Kh7 38. Ra1 Rb6 39.
Nb3 Bh4+ 40. Kf3 Nxb3 41. Bxb3 Nc5 42. Bxc5 dxc5 43. Rc1 Rd6 44. Rxc5 Ra6 45. Rb5 Ra3 46. Rxb4 Be1 47. Rb7+ Kh6 48. e7 Ra8 49. d6 Bh4 50. Bf7 Bxe7 51. dxe7 Ra3+ 52. Rb3 Rxb3+ 53. Bxb3 Kg7 54.
e8=Q h4 55. Qh5 1-0

[Event "*** SCC Grand Prix: Titled Tuesday Blitz"]
[Site "Chess.com"]
[Date "2020.07.14"]
[Round "4"]
[White "Benjoneliere44"]
[Black "ChelsieMonica"]
[Result "1-0"]
[WhiteElo "2611"]
[BlackElo "2425"]
[TimeControl "180+1"]
[EndTime "10:40:41 PDT"]
[Termination "Benjoneliere44 won by resignation"]

1. d4 Nf6 2. Bf4 c5 3. d5 g6 4. Nc3 d6 5. e4 Bg7 6. Be2 a6 7. a4 h6 8. Nf3 g5 9. Bg3 Nbd7 10. e5 dxe5 11. Nxe5 h5 12. h4 g4 13. Qd3 Bh6 14. d6 O-O 15. O-O exd6 16. Qxd6 Nxe5 17. Qxe5 Re8 18.
Qxc5 Qe7 19. Bd6 Qd7 20. Rad1 Qc6 21. Qd4 Bg7 22. Bc4 Ne4 23. Qd5 Qxd5 24. Rxd5 Nxc3 25. bxc3 Be6 26. Rc5 Bxc4 27. Rxc4 Rac8 28. Rxc8 Rxc8 29.
Rb1 Rxc3 30. Rxb7 Rxc2 31. Bg3 a5 32. Rb5 Bc3 33. Rxh5 f6 34. Rc5 Kg7 35. Rc4 Rc1+ 36. Kh2 Kf7 37. Rxg4 Bb4 38. h5 Bf8 39. Bf4 Rc4 40.
g3 Rxa4 41. Kh3 Ra1 42. Kg2 Ra4 43. Rh4 Kg8 44. Rh1 Kh7 45. Rb1 Rb4 46. Rc1 a4 47.
Rc7+ Kh8 48. Ra7 a3 49. Ra8 Kg7 50. h6+ Kf7 51. h7 Bg7 52. Bh6 Bh8 53. Rxh8 Kg6 54. Ra8 Kxh7 55. Bf8 Rb3 56. Bxa3 Kg6 57. Bc5 Kf5 58.
Be3 Rb2 59. Ra4 Rc2 60. Rf4+ Kg6 61. Kf3 f5 62. Rd4 Kf6 63. Bf4 Ke6 64. Rd6+ Ke7 65. Ra6 Rc3+ 66. Kg2 Rb3 67. Be3 Kf7 68. Kf3 Rc3 69. Kf4 Rc5 70. Bxc5 1-0

[Event "*** SCC Grand Prix: Titled Tuesday Blitz"]
[Site "Chess.com"]
[Date "2020.07.14"]
[Round "4"]
[White "c_r_e_e_p_e_r"]
[Black "latixxa"]
[Result "1-0"]
[WhiteElo "2304"]
[BlackElo "2105"]
[TimeControl "180+1"]
[EndTime "10:40:41 PDT"]
[Termination "c_r_e_e_p_e_r won by checkmate"]

1. c4 e5 2. g3 h5 3. Nc3 Be7 4. Nf3 d6 5. d4 exd4 6. Nxd4 h4 7.
gxh4 Bxh4 8. e4 Nc6 9. Be3 Be7 10. Qd2 Nf6 11. f3 Ne5 12. Be2 Be6 13. Nxe6 fxe6 14.
O-O-O Qd7 15. Kb1 a6 16. Rc1 O-O-O 17. h4 Nc6 18. Qc2 Kb8 19. Rcd1 Qe8 20. a3 Qf7 21. b4 d5 22. b5 axb5 23. cxb5 Na7 24. Qa4 b6 25.
exd5 exd5 26. Bd4 Rhe8 27. Kb2 Nd7 28. Qc2 Nc5 29. Bxc5 Bxc5 30. Bd3 Qf6 31. Rhf1 Bd4 32. Kb3 Bxc3 33. Qxc3 Qxc3+ 34. Kxc3 d4+ 35. Kc4 Nc8 36. Rde1 Nd6+ 37. Kb3 Rxe1 38. Rxe1 Rf8 39. Be4 Nxe4 40. fxe4 Rf3+ 41. Kc4 Rxa3 42. Kxd4 Rf3 43. e5 Kc8 44. Kd5 Kd8 45. Kc6 Rc3+ 46. Kd5 Rd3+ 47. Ke4 Rb3 48. Rd1+ Ke7 49. Rd5 Rb4+ 50. Kf5 Rxh4 51. Kg6 Rg4+ 52. Kf5 Rb4 53. Kg6 Ke6 54. Rd8 Kxe5 55. Kxg7 Rxb5 56. Rh8 Kd6 57. Rh4 Kc5 58. Kf6 Kc6 59. Ke6 Kb7 60. Rc4 Ra5 61. Kd7 c5 62. Kd6 Ka6 63.
Kc6 Ra4 64. Rxa4# 1-0

[Event "*** SCC Grand Prix: Titled Tuesday Blitz"]
[Site "Chess.com"]
[Date "2020.07.14"]
[Round "4"]
[White "regular_legs"]
[Black "rpragchess"]
[Result "0-1"]
[WhiteElo "2517"]
[BlackElo "2801"]
[TimeControl "180+1"]
[EndTime "10:40:42 PDT"]
[Termination "rpragchess won by resignation"]

1. d4 Nf6 2. c4 Nc6 3. Nf3 e6 4.
Nc3 Bb4 5. Qc2 O-O 6. Bd2 d6 7. a3 Bxc3 8. Bxc3 Qe7 9. e4 e5 10. d5 Nb8 11. Bd3 a5 12. b4 Nh5 13. g3 Bh3 14. Nd2 Na6 15. Rb1 axb4 16. axb4 c6 17. Nf1 cxd5 18. cxd5 f5 19. exf5 Bg2 20. Rg1 Bxd5 21.
Ne3 Bf7 22. Be4 Nf6 23. Qd3 Rfc8 24. Bd2 Qd7 25. Bd5 Nxd5 26. Nxd5 e4 27. Qd4 Re8 28. Ne3 Nc7 29. Kf1 Nb5 30. Qb2 Ra2 31. Qc1 Nd4 32.
Kg2 Nf3 33. Bc3 d5 34. Rd1 d4 35. Bxd4 Nxd4 36. Qc3 Rd8 37. f6 gxf6 38. b5 Ra4 39. Nc2 Rc4 40. Qe3 Rxc2 41. Rb4 Qf5 42. Rbxd4 Rxd4 43. Rxd4 Kg7 44. Rd6 Qc5 45. Qf4 e3 46. Qxf6+ Kg8 47.
Rd8+ Qf8 48. Rxf8+ Kxf8 49. Qd6+ Kg8 50. Qe5 Rxf2+ 51.
Kg1 Re2 52. b6 Re1+ 53. Kg2 e2 54. Kf2 Rb1 55. Kxe2 Rxb6 56. Qg5+ Rg6 57. Qe5 Re6 58. Qxe6 Bxe6 59. Ke3 Bd5 60. Kd4 Bc6 61. Kc5 Kf7 62. Kd6 Kg6 63. g4 Kg5 0-1

[Event "*** SCC Grand Prix: Titled Tuesday Blitz"]
[Site "Chess.com"]
[Date "2020.07.14"]
[Round "4"]
[White "theblitzchamp"]
[Black "manmanlai1"]
[Result "1-0"]
[WhiteElo "2645"]
[BlackElo "2459"]
[TimeControl "180+1"]
[EndTime "10:40:43 PDT"]
[Termination "theblitzchamp won by resignation"]

1. d4 d5 2. Bf4 c5 3. e3 cxd4 4. exd4 Nc6 5. Nc3 a6 6. Nf3 Bf5 7. Bd3 Bxd3 8. Qxd3 e6 9. O-O Nf6 10. Rfe1 Be7 11. Ne5 Nxe5 12. Bxe5 O-O 13. Qg3 Nh5 14.
Qh3 Nf6 15. Ne2 Nd7 16. Bf4 Bg5 17. c3 Bf6 18. Ng3 g6 19. Bh6 Re8 20. Re2 b5 21. Rae1 a5 22. Qg4 b4 23. Re3 bxc3 24. bxc3 Rb8 25. Rf3 Rb6 26. Nh5 Bh8 27. Qf4 f6 28.
Qg4 Kf7 29. Nf4 f5 30. Qh3 Qb8 31. Bg5 Kg8 32. Rfe3 Rb1 33. Qg3 Nf8 34. h4 Kf7 35.
h5 Rxe1+ 36. Rxe1 Nd7 37. Qh4 Bg7 38. Qg3 Qd6 39. hxg6+ hxg6 40. Bh6 Bf6 41. Qxg6+ Ke7 42. Qh5 Kd8 43. Qf3 Re7 44. Ng6 Rh7 45. Bf4 Qc6 46. Qg3 Be7 47. Ne5 Nxe5 48. Qg8+ Kd7 49. Qxh7 Nd3 50. Bg5 Nxe1 51. Qxe7+ Kc8 52. Qd8+ Kb7 53.
Qxa5 Nd3 54. Qa3 Qb5 55. Qe7+ Ka6 56. Qxe6+ Ka5 57. Kh2 Qc4 58. Bd8+ Ka4 59. Qd7+ Ka3 60. Qxf5 Kxa2 61. g4 Kb2 62. g5 Qxc3 63. g6 Qxd4 64. Bf6 1-0

[Event "*** SCC Grand Prix: Titled Tuesday Blitz"]
[Site "Chess.com"]
[Date "2020.07.14"]
[Round "4"]
[White "Vladislav_Chizhikov"]
[Black "allvim"]
[Result "0-1"]
[WhiteElo "2442"]
[BlackElo "2259"]
[TimeControl "180+1"]
[EndTime "10:40:43 PDT"]
[Termination "allvim won by checkmate"]

1. e4 c5 2. Nf3 d6 3. c3 Nf6 4. Bd3 Nc6 5. h3 g6 6. Bc2 Bg7 7. O-O O-O 8. d4 cxd4 9. cxd4 Nb4 10. Bb3 d5 11. e5 Ne4 12. Nc3 Be6 13. Ng5 Nxg5 14.
Bxg5 Rc8 15. Qd2 a6 16. Bh6 Nc6 17. Rad1 Qd7 18. Rfe1 Rfd8 19. Bxg7 Kxg7 20. Qg5 Na5 21.
Re3 Nxb3 22. axb3 h6 23. Qf4 b5 24. Rd2 Rc7 25. Rg3 Rdc8 26. Kh2 Qd8 27. h4 h5 28. Qg5 Kh7 29. Ne2 Rc2 30. Rxc2 Rxc2 31. Nf4 Bf5 32.
Nxh5 Rxf2 33. Rc3 gxh5 34. Qxh5+ Kg7 35. Qg5+ Bg6 36. h5 Qh8 37. Rh3 Qh6 38. Qxh6+ Kxh6 39. hxg6+ Kxg6 40. Rc3 Rxb2 41. Rc6+ e6 42. Rxa6 Rxb3 43.
g3 Rb4 44. Kh3 Rxd4 45. Rb6 Rb4 46. Rb7 d4 47. Kg4 d3+ 48. Kf3 Rb3 49. Ke3 b4 50. Kd2 Kf5 51. Rxf7+ Kxe5 52. g4 Ke4 53. g5 Rb2+ 54.
Kd1 Rg2 55. Rb7 Rxg5 56. Rb6 Ke3 57. Rxe6+ Kd4 58. Rb6 Kc4 59. Kd2 Rg2+ 60. Kd1 Kc3 61.
Rb8 Rg1# 0-1

[Event "*** SCC Grand Prix: Titled Tuesday Blitz"]
[Site "Chess.com"]
[Date "2020.07.14"]
[Round "4"]
[White "MuradNuri"]
[Black "vaishali2001"]
[Result "1-0"]
[WhiteElo "2460"]
[BlackElo "2604"]
[TimeControl "180+1"]
[EndTime "10:40:44 PDT"]
[Termination "MuradNuri won by resignation"]

1. e4 c5 2. Nf3 Nc6 3. d4 cxd4 4. Nxd4 Nf6 5. Nc3 d6 6. Bg5 e6 7. Qd2 a6 8. O-O-O Be7 9. f4 Bd7 10. Be2 h6 11. Bxf6 Bxf6 12. Nf3 Be7 13. g4 b5 14.
a3 Qa5 15. Nd4 b4 16. axb4 Nxb4 17. Nb3 Na2+ 18. Nxa2 Qxa2 19. Qa5 Qxa5 20. Nxa5 O-O 21. Bf3 Rab8 22. Nc4 d5 23. exd5 exd5 24. Ne5 Be6 25. Bxd5 Bc5 26. Bxe6 Be3+ 27. Kb1 fxe6 28. Nd7 Bxf4 29.
Nxf8 Rxf8 30. Rhe1 e5 31. Re2 Kf7 32. Rd6 Ra8 33.
h4 a5 34. h5 a4 35. Ka2 Rc8 36. c3 Rc4 37. Rd7+ Kf6 38. Rd6+ Kg5 39. Rg6+ Kh4 40. Rxg7 e4 41. Rd7 e3 42. Rd4 Rxd4 43. cxd4 Kg3 44. d5 Kf3 45. Re1 e2 46. Ka3 Kf2 47. Rh1 e1=Q 48.
Rxe1 Kxe1 49. Kxa4 Kf2 50. Kb5 Kf3 51. Kc6 Kxg4 52. d6 Kxh5 53. b4 Kg4 54. d7 Bg5 55.
b5 h5 56. b6 h4 57. b7 h3 58. b8=Q Kf3 59. Qh2 Kg4 60. Qg1+ Kh4 61. Kc7 Bf4+ 62.
Kc8 Bg5 63. d8=Q Bxd8 64. Kxd8 1-0

[Event "*** SCC Grand Prix: Titled Tuesday Blitz"]
[Site "Chess.com"]
[Date "2020.07.14"]
[Round "4"]
[White "verdest"]
[Black "Jaka_Brilej"]
[Result "1/2-1/2"]
[WhiteElo "2505"]
[BlackElo "2318"]
[TimeControl "180+1"]
[EndTime "10:40:45 PDT"]
[Termination "Game drawn - insufficient material"]

1. d4 f5 2. Nf3 Nf6 3. g3 g6 4. Bg2 Bg7 5. O-O O-O 6. Nbd2 d5 7. c3 Ne4 8. Qb3 Kh8 9. Ne5 Nd7 10. Nxd7 Qxd7 11. Nf3 Qd6 12. Bf4 Qd8 13. Rfd1 c6 14. Be5 Qb6 15. Bxg7+ Kxg7 16. Ne5 Be6 17. Qc2 a5 18. a4 Nd6 19. e3 Rae8 20. Rab1 Nf7 21. Nd3 Bc8 22. f4 Qc7 23. b4 axb4 24. cxb4 Bd7 25.
Rdc1 Ra8 26. a5 Qd6 27. Qc5 Rfb8 28. b5 Rxa5 29. Qxd6 Nxd6 30. bxc6 Bc8 31. Nc5 b6 32. c7 Rba8 33. Rxb6 Nc4 34. Rb8 Nxe3 35. Rxa8 Rxa8 36.
Nd3 Ra2 37. Bh1 e6 38. Ne5 Ra7 39. h4 Nc4 40. Nxc4 Rxc7 41. Bf3 dxc4 42. Kf2 c3 43. Ke3 Ba6 44. Be2 Bb7 45. Kd3 Be4+ 46. Ke3 Kf6 47. Bd3 Bd5 48. Be2 Be4 49. Bd3 Bb7 50. Be2 Ke7 51. Kd3 Ba6+ 52. Ke3 Bxe2 53. Kxe2 Kd6 54. Kd3 Kd5 55. Rxc3 Rxc3+ 56. Kxc3 Ke4 57. Kc4 Ke3 58. Kc5 Ke4 59. Kd6 Kxd4 60. Kxe6 Ke4 61. Kf6 Kf3 62. Kg7 Kxg3 63. Kxh7 Kxf4 64. Kxg6 Kg4 65. h5 f4 66. h6 f3 67. h7 f2 68. h8=Q f1=Q 69. Qh5+ Kg3 70.
Qg5+ Kf2 71. Qf4+ Ke1 72. Qxf1+ Kxf1 1/2-1/2

[Event "*** SCC Grand Prix: Titled Tuesday Blitz"]
[Site "Chess.com"]
[Date "2020.07.14"]
[Round "4"]
[White "Phriex"]
[Black "PavelShkapenko"]
[Result "1/2-1/2"]
[WhiteElo "2404"]
[BlackElo "2590"]
[TimeControl "180+1"]
[EndTime "10:40:46 PDT"]
[Termination "Game drawn - insufficient material"]

1. d4 Nf6 2. c4 e6 3. Nc3 Bb4 4. Qc2 c5 5. dxc5 Bxc5 6. Nf3 Qb6 7. e3 Qc7 8. b3 b6 9. Bb2 Bb7 10. Bd3 a6 11. Ne4 Be7 12. O-O d6 13. Nxf6+ Bxf6 14. Bxf6 gxf6 15. Be4 Nd7 16. Bxb7 Qxb7 17. Rad1 Ke7 18.
Qd2 Qc7 19. Kh1 Rad8 20. Nd4 f5 21. Rde1 Nf6 22. f3 Qb7 23. e4 fxe4 24. fxe4 Rhg8 25.
Qf4 Rg6 26. Nf5+ Ke8 27. Nxd6+ Rxd6 28. Qxd6 Nxe4 29. Qf4 Nc5 30. Qf3 Qxf3 31. Rxf3 f5 32. Rxf5 Nd3 33. Re2 Nc1 34. Ree5 Nxa2 35. Rf3 Nb4 36.
h3 Nc6 37. Rh5 h6 38. Re3 Ke7 39. Re4 e5 40. Reh4 Kf6 41. Rxh6 Nd4 42. Rxg6+ Kxg6 43.
Rg4+ Kf5 44. Rg3 e4 45. h4 Kf4 46. Rg8 e3 47. h5 Nf5 48. Rf8 e2 49. g3+ Kg4 50.
Re8 Kxh5 51. Kg2 Nd4 52. Re4 Nxb3 53. Rxe2 Nc5 54. Re5+ Kg6 55. Rd5 Ne4 56. Rd1 Kf5 57. Re1 Nd6 58. Ra1 a5 59. c5 bxc5 60. Rxa5 Ne4 61.
Kf3 Ke5 62. g4 Ng5+ 63. Kg3 Kd4 64. Kh4 Nf3+ 65. Kh5 c4 66. g5 Nxg5 67. Kxg5 c3 68. Kf4 c2 69. Ra1 Kd3 70. Ra3+ Kd2 71. Ra2 Kd3 72.
Ra1 Kd2 73. Kf3 c1=Q 74. Rxc1 Kxc1 1/2-1/2

[Event "*** SCC Grand Prix: Titled Tuesday Blitz"]
[Site "Chess.com"]
[Date "2020.07.14"]
[Round "4"]
[White "manitodeplomo"]
[Black "VMikhalevski"]
[Result "0-1"]
[WhiteElo "2512"]
[BlackElo "2794"]
[TimeControl "180+1"]
[EndTime "10:40:48 PDT"]
[Termination "VMikhalevski won by resignation"]

1. d4 Nf6 2. c4 g6 3. Nc3 d5 4. Nf3 Bg7 5. cxd5 Nxd5 6. g3 c5 7.
Bg2 Nxc3 8. bxc3 Nc6 9. e3 O-O 10. O-O Bg4 11. h3 Bf5 12. Qe2 Be4 13. Ba3 Qa5 14. Bxc5 b6 15. Bb4 Nxb4 16. cxb4 Qxb4 17. a4 Rfc8 18. Ng5 Bxg2 19. Kxg2 Qc4 20. Qf3 h6 21. Ne4 Qe6 22. Rfb1 Rab8 23. g4 Rc2 24. h4 f5 25. gxf5 gxf5 26. Ng3 f4 27. exf4 Bxd4 28. Re1 Qf7 29. Ne4 Kh8 30. Rad1 Rg8+ 31. Kh3 Qf5+ 32.
Kh2 Bf6 33. Rc1 Ra2 34. Rg1 Rxg1 35. Rxg1 Bxh4 36. Qg2 Qxf4+ 37. Kh1 Bg5 38. Nxg5 hxg5 39. Qxg5 Qxg5 40. Rxg5 Rxa4 41. Re5 Kg7 42. Rxe7+ Kf6 43.
Rb7 Ra5 44. Kg2 b5 45. Kg3 a6 46. Kg4 Ra4+ 47. f4 Ke6 48. Kg5 Ra1 49. f5+ Ke5 50. Re7+ Kd6 51. f6 b4 52. Rb7 a5 53. f7 Rg1+ 54.
Kf6 Rf1+ 55. Kg7 Kc5 56. f8=Q+ Rxf8 57. Kxf8 a4 58. Ke7 a3 59. Ke6 a2 60. Ra7 b3 61.
Ke5 Kc4 62. Rc7+ Kd3 63. Rb7 Kc2 64. Rc7+ Kb1 65. Kd4 a1=Q+ 66. Kd3 b2 67. Kd2 Qa5+ 68. Rc3 Ka2 69. Kc2 b1=Q+ 0-1

[Event "*** SCC Grand Prix: Titled Tuesday Blitz"]
[Site "Chess.com"]
[Date "2020.07.14"]
[Round "4"]
[White "KaterynaLagno"]
[Black "Artyom_ChessMate"]
[Result "0-1"]
[WhiteElo "2745"]
[BlackElo "2521"]
[TimeControl "180+1"]
[EndTime "10:40:49 PDT"]
[Termination "Artyom_ChessMate won by resignation"]

1. e4 c5 2. Nf3 d6 3. Bb5+ Bd7 4. Bxd7+ Qxd7 5. d4 cxd4 6. Qxd4 Nc6 7. Qd3 g6 8.
Nc3 Bg7 9. O-O Nf6 10. Nd5 O-O 11. Bg5 Nxd5 12. exd5 Ne5 13. Nxe5 Bxe5 14. c3 Bf6 15. Bxf6 exf6 16. Qd4 Kg7 17. Rfe1 Rfe8 18. h3 a5 19.
b3 a4 20. b4 b5 21. c4 bxc4 22. Qxc4 Rac8 23. Qd3 Rxe1+ 24. Rxe1 Qc7 25. Rb1 Qc2 26. Qxc2 Rxc2 27. b5 a3 28. b6 Rb2 29. Rc1 Rxa2 30. Rc3 Rb2 31. Rxa3 Rxb6 32. g3 Rb5 33. Rd3 g5 34. Kg2 f5 35. f4 h6 36. Kf3 Kf6 37.
h4 g4+ 38. Ke3 Rb2 39. Kd4 h5 40. Kc4 Ke7 41. Ra3 Rg2 42. Kb5 Rc2 43. Rd3 Rc5+ 44. Kb6 Kd7 45. Kb7 Rb5+ 46. Ka6 Rb2 47. Ka5 Rf2 48. Kb4 Rf3 49. Kc4 Rxd3 50. Kxd3 Kc7 51. Kc3 Kb6 52. Kb4 f6 53. Kc4 Ka5 54. Kc3 Kb5 55. Kd4 Kb4 56. Kd3 Kc5 57. Kc3 Kxd5 58. Kd3 Kc5 59. Kc3 d5 60. Kd3 d4 61. Kd2 Kd5 62. Kd3 Kc5 63. Kd2 Kc4 64. Kc2 d3+ 65.
Kd2 Kd4 0-1

[Event "*** SCC Grand Prix: Titled Tuesday Blitz"]
[Site "Chess.com"]
[Date "2020.07.14"]
[Round "4"]
[White "13MiRacLe"]
[Black "Siniauski"]
[Result "1/2-1/2"]
[WhiteElo "2626"]
[BlackElo "2459"]
[TimeControl "180+1"]
[EndTime "10:40:49 PDT"]
[Termination "Game drawn - insufficient material"]

1. e4 e6 2. d4 d5 3. Nc3 Nf6 4. e5 Nfd7 5. Nce2 c5 6. c3 Nc6 7. Nf3 b5 8. Nf4 Qb6 9. Be3 a5 10. Bd3 Ba6 11. O-O b4 12. a3 Bxd3 13. Qxd3 Be7 14.
Nh5 g6 15. Nf4 c4 16. Qc2 b3 17. Qd2 O-O-O 18. h4 h6 19. h5 g5 20. Ne2 Kb8 21. Nh2 Rdg8 22. Ng4 f5 23. exf6 Nxf6 24. Nxf6 Bxf6 25.
f4 Qc7 26. fxg5 Bxg5 27. Bf4 Bxf4 28. Qxf4 Rg7 29. Rae1 Rhg8 30. Qxc7+ Kxc7 31. Nf4 Nd8 32. Ng6 Kd6 33. Rf6 Re8 34. Nf4 Rf7 35. Rxf7 Nxf7 36. Kf2 e5 37. Ng6 e4 38. Ke3 Ng5 39. Rf1 Re6 40.
Rf5 Re8 41. Nf4 Ne6 42. Rxd5+ Kc6 43. Re5 Nc7 44. Rxe8 Nxe8 45. Kxe4 Nd6+ 46. Ke3 Nf5+ 47.
Kf2 Nd6 48. Ke2 Ne4 49. g4 Nxc3+ 50. Kd2 Na4 51. Kc1 c3 52. bxc3 Nxc3 53. Kb2 Nb5 54. Kxb3 Nxd4+ 55. Kc4 Nf3 56. a4 Ne5+ 57. Kd4 Nxg4 58.
Nd3 Nf6 59. Ne5+ Kb6 60. Nf7 Nxh5 61. Nxh6 Nf6 62. Nf5 Nd7 63. Kc4 Nc5 64. Nd4 Nxa4 65. Nb3 Ka6 66. Nxa5 1/2-1/2

[Event "*** SCC Grand Prix: Titled Tuesday Blitz"]
[Site "Chess.com"]
[Date "2020.07.14"]
[Round "4"]
[White "SuperMagnum"]
[Black "Canonkasparov"]
[Result "0-1"]
[WhiteElo "2172"]
[BlackElo "2559"]
[TimeControl "180+1"]
[EndTime "10:40:49 PDT"]
[Termination "Canonkasparov won by resignation"]

1. e4 d5 2. exd5 Qxd5 3. Nc3 Qa5 4. d4 Nf6 5. Nf3 c6 6. Bd2 Qb6 7. Rb1 Bf5 8. Bc4 e6 9. O-O Nbd7 10. Re1 Bd6 11.
h3 h6 12. Ne5 Qxd4 13. Nxd7 Qxc4 14. Nxf6+ gxf6 15. b3 Qa6 16. Bxh6 O-O-O 17. Bg7 Bh2+ 18. Kxh2 Rxd1 19. Rbxd1 Rg8 20. Bxf6 Bxc2 21. Rd2 Bf5 22. Red1 e5 23. Bxe5 Qa5 24. Bf6 Qb4 25. Rd4 Qc5 26.
Na4 Qc2 27. R1d2 Qc1 28. Rd1 Qh6 29. Bh4 Be6 30. Nc5 Bf5 31. Bg3 b6 32. Na6 Kb7 33. Nc7 a5 34. Rf4 Bg6 35. Rf6 Qg5 36. Rf4 Rc8 37.
Rg4 Qf5 38. Rf4 Qc2 39. Rfd4 Rxc7 40. Bxc7 Kxc7 41. Rd7+ Kc8 42. Rd8+ Kb7 43. R8d7+ Ka6 44. R7d2 Qc5 45. Rd6 Qe5+ 46. Kg1 a4 47. Rxc6 axb3 48. axb3 Be4 49. Rc2 Bxc2 50. Rc1 Qb2 51. Re1 Qc3 52. Re3 Qd2 53. h4 b5 54. h5 Qd6 55.
Rh3 Bh7 56. g4 Qf4 57. Rg3 f6 58. Kg2 Ka5 59. f3 Kb4 60. Kf2 Kxb3 61. Rg1 Kc2 62.
Re1 Bd3 63. Re2+ Bxe2 64. Kxe2 0-1

[Event "*** SCC Grand Prix: Titled Tuesday Blitz"]
[Site "Chess.com"]
[Date "2020.07.14"]
[Round "4"]
[White "Sjakkerntobi"]
[Black "Mikhail_Golubev"]
[Result "0-1"]
[WhiteElo "2358"]
[BlackElo "2589"]
[TimeControl "180+1"]
[EndTime "10:40:50 PDT"]
[Termination "Mikhail_Golubev won by checkmate"]

1. e4 c5 2. Nf3 d6 3. d4 Nf6 4. Nc3 cxd4 5. Qxd4 Bd7 6. Bg5 Nc6 7. Qd2 Qa5 8. h4 Rc8 9. O-O-O Nb4 10. Bxf6 gxf6 11.
Kb1 Rxc3 12. Qxc3 Qxa2+ 13. Kc1 Bh6+ 14. Ng5 Qa5 15. Kb1 Rf8 16. Qa3 Qxa3 17. bxa3 Nxc2 18. Kxc2 Ba4+ 19. Kd2 Bxd1 20. Kxd1 fxg5 21. hxg5 Bxg5 22. Bb5+ Kd8 23. Rxh7 e6 24. Ke2 Ke7 25. g3 Bf6 26. f4 a6 27. Bd3 b5 28. g4 Bb2 29. a4 bxa4 30. Bxa6 a3 31. Bc4 Rc8 32. Bb3 Rc3 33. Ba2 Rc2+ 34. Kd3 Rg2 35. g5 Ba1 36. Bb3 Rg3+ 37.
Kc4 Bb2 38. f5 exf5 39. exf5 Rxg5 40. Kd5 Rxf5+ 41. Kc6 Rc5+ 42. Kb6 Ke8 43. Bxf7+ Kd8 44. Bb3 Bd4 45. Ka6 Rc3 46. Be6 a2 47. Bxa2 Ra3+ 48. Kb5 Rxa2 49. Kc6 Bc5 50. Rh8+ Ke7 51. Rh7+ Kf6 52.
Rh6+ Kf5 53. Rh8 Ke4 54. Re8+ Kd4 55. Rh8 Kd3 56. Rh3+ Kd4 57. Rh4+ Kc3 58. Rh3+ Kc4 59. Rh4+ Kb3 60. Rh3+ Kb4 61. Rh4+ Ka5 62. Rh5 Ra3 63. Kd5 Rb3 64. Kc4 Rb4+ 65. Kd5 Kb5 66. Rh8 Rd4+ 67. Ke6 Re4+ 68. Kd5 Re5# 0-1